 Dungeon Crawl Stone Soup version 0.26-a0-597-gb535b0901c (webtiles) character file.

Game seed: 6284045248216989034

0 vurker the Grave Robber (level 1, -2/10 HPs)
             Began as a Tengu Necromancer on Sept 12, 2020.
             Slain by a goblin
             ... wielding a +0 club
              (6 damage)
             ... on level 1 of the Dungeon.
             The game lasted 00:00:05 (48 turns).

vurker the Grave Robber (Tengu Necromancer)           Turns: 48, Time: 00:00:06

Health: -2/10      AC:  2    Str:  8    XL:     1   Next: 10%
Magic:  0/4        EV: 12    Int: 15    God:
Gold:   0          SH:  0    Dex: 14    Spells: 3/4 levels left

rFire    . . .     SeeInvis .   (no weapon)
rCold    . . .     Faith    .   (no shield)
rNeg     . . .     Spirit   .   a - +0 robe
rPois    .         Reflect  .   (helmet restricted)
rElec    .         Harm     .   (no cloak)
rCorr    .                      (no gloves)
MR       .....                  (boots unavailable)
Stlth    ++........             (no amulet)
HPRegen  0.03/turn              (no ring)
MPRegen  0.09/turn              (no ring)

@: very slightly contaminated
A: beak, talons 3
a: no special abilities


You were on level 1 of the Dungeon.
You visited 1 branch of the dungeon, and saw 1 of its levels.

Inventory:

Armour
 a - a +0 robe (worn)


   Skills:
 + Level 0.0 Fighting
 - Level 2.1 Dodging
 - Level 2.0 Stealth
 * Level 2.0 Spellcasting
 * Level 4.4 Necromancy


You had 3 spell levels left.
You knew the following spells:

 Your Spells              Type           Power        Failure   Level
a - Pain                  Necr           ##..         3%          1

Your spell library contained the following spells:

 Spells                   Type           Power        Failure   Level
 Animate Skeleton         Necr           ##....       3%          1
 Vampiric Draining        Necr           ##........   11%         3
 Animate Dead             Necr           ##........   36%         4
 Agony                    Necr           ##......     71%         5


Dungeon Overview and Level Annotations

Branches:
Dungeon (1/15)

Altars:


Innate Abilities, Weirdness & Mutations

You have a beak for a mouth.
You have claws for feet.


Message History

Welcome, vurker the Tengu Necromancer.
It is said that the Orb of Zot exists deep within this dungeon.
Found the tengu corpse of vurker and a short sword.
Found a staircase leading out of the dungeon.
You open the door.
There is an open door here.
You open the door.
There is an open door here.
You open the door.
A kobold comes into view.
The kobold shouts!
The kobold moves out of view.
There is an open door here.
A kobold is nearby!
A kobold is nearby!
A kobold is nearby!
The kobold throws a stone.
The stone hits you.
A goblin comes into view. It is wielding a +0 club.
Found a glowing cyan potion.
Aim: a kobold, quivering 4 stones (chance to defeat MR: 85%)
The kobold writhes in agony.
The goblin shouts!
The kobold throws a stone.
The stone closely misses you.
Aim: a kobold, quivering 3 stones (severely wounded, chance to defeat MR: 85%)
The kobold writhes in agony.
You kill the kobold!
Aim: a goblin, wielding a +0 club (chance to defeat MR: 85%)
The goblin writhes in agony.
Aim: a goblin, wielding a +0 club (heavily wounded, chance to defeat MR: 85%)
You miscast Pain.
You are very lightly contaminated with residual magic.
Nothing appears to happen.
You don't have enough magic to cast that spell.
You are too injured to fight recklessly!
You are too injured to fight recklessly!
You are too injured to fight recklessly!
You are too injured to fight recklessly!
The goblin hits you but does no damage.
You closely miss the goblin. Your peck misses the goblin.
The goblin barely misses you.
You barely miss the goblin. You hit the goblin. Your kick misses the goblin.
You peck the goblin, but do no damage. The goblin hits you with a +0 club.
Ouch! That really hurt!
You die...

##+# ## ## ##...##
.. .. ##.....## .#
.# ##.......##
.#..#.#
#.......(.###......#
+.........'.@.......
#.........###g.(.#.#
#.......## .!....#
##.....## ####...
##...## .. ### ##'##
. ..# #.# ..### #.#
..'.# ##.##


You could see a goblin.

Vanquished Creatures
  A kobold (D:1)
1 creature vanquished.

Notes
Turn   | Place    | Note
-------+----------+-------------------------------------------
     0 | D:1      | vurker the Tengu Necromancer began the quest for the Orb.
     0 | D:1      | Reached XP level 1. HP: 10/10 MP: 4/4
    48 | D:1      | Slain by a goblin

Illustrated notes

Levels and vault maps discovered:
D:1:      nicolae_arrival_memento_mori, layout_loops_corners

Action                   || total
-------------------------++-------
Melee: Unarmed           ||     3
       Peck              ||     1
 Cast: Pain              ||     3
Armor: Robe              ||     1
Dodge: Dodged            ||     2

Table legend: (Time is in decaauts)
 A = Elapsed time spent in this place.
 B = Non-inter-level travel time spent in this place.
 C = Inter-level travel time spent in this place.
 D = Time resting spent in this place.
 E = Time spent auto-exploring this place.
 F = Levels seen in this place.
 G = Mean time per level.
                   A        B        C        D        E       F      G
               +--------+--------+--------+--------+--------+-----+--------+
         Total |     48 |     48 |      0 |      0 |     39 |   1 |   48.0 |
       Dungeon |     48 |     48 |      0 |      0 |     39 |   1 |   48.0 |
               +--------+--------+--------+--------+--------+-----+--------+

Top non-repeatable levels by time:
     D:1: 48 daAuts
